AoeStats
← 海峡

Four Lakes

507222183Analyzed
1v1 RM · 16d ago on Sep 17, 2026· 21m 46s· 2 players
Game mode
Random Map
Map size
Tiny (2 player)
Population
200
Speed
Normal
Resources
Standard
Victory
Conquest
Starting age
Dark Age
Ending age
Imperial Age
RankedLock teamsTeams togetherTeam positionsShared explorationLock speedFull tech treeHidden civsTurbo modeCheats
Victory
Defeat
🇨🇳 Inca · China
1630
+7
🇲🇽 Huns · Mexico
1405
-7
King Spartacus
7:33 Loom
10:16 Feudal Age
10:49 Double-Bit Axe
11:10 Fishing Lines
13:01 Forging
14:42 Scale Barding Armor
16:39 Wheelbarrow
19:39 Castle Age
17:47 Gold Mining
18:46 Bloodlines
海峡
9:57 Loom
12:33 Feudal Age
13:16 Double-Bit Axe
16:48 Castle Age
15:15 Scale Mail Armor
15:01 Fishing Lines
15:23 Champi Runner
16:26 Forging
16:50 Champi Warrior
18:10 Chain Mail Armor
18:32 Iron Casting
18:18 Bow Saw
17:58 Gold Mining
18:18 Squires
18:08 Arson
19:13 Gillnets
20:09 Chain Mail Armor
20:05 Gold Mining
Connection lost

Rejoining the realm…

Still unreachable

The connection could not be restored.

Session expired

The server has moved on; the page needs a fresh start.